 Dungeon Crawl Stone Soup version 0.30-a0-920-g7493c07aab (webtiles) character file.

Game seed: 15404898325351275749

11544 Jeffwins the Shooter (level 12, -5/81 HPs)
             Began as a Human Wanderer on Mar 22, 2023.
             Was an Elder of Vehumet.
             Slain by a shadow (26 damage)
             ... on level 10 of the Dungeon.
             The game lasted 00:24:34 (10113 turns).

Jeffwins the Shooter (Human Wanderer)              Turns: 10113, Time: 00:24:34

Health: -5/81      AC: 11    Str: 12    XL:     12   Next: 9%
Magic:  13/18      EV: 10    Int: 16    God:    Vehumet [****..]
Gold:   730        SH:  8    Dex: 15    Spells: 3/19 levels left

rFire   + . .      SeeInvis .    a - +4 sling "Leufrima" {heavy, Will+}
rCold   . . .      Faith    .    d - +3 buckler
rNeg    . . .      Spirit   .    E - +2 leather armour {rPois}
rPois   +          Reflect  .    i - +0 helmet
rElec   .          Rampage  .    W - +0 cloak
rCorr   .                        G - +0 pair of gloves
Will    +....                    u - +2 pair of boots
Stlth   +++                      g - amulet of regeneration
HPRegen 1.13/turn                Z - ring of wizardry
MPRegen 0.16/turn                F - ring of protection from fire

@: no status effects
A: no striking features
a: Renounce Religion


You were on level 10 of the Dungeon.
You worshipped Vehumet.
Vehumet was greatly pleased with you.
You visited 2 branches of the dungeon, and saw 11 of its levels.
You also visited: Bailey.

You collected 926 gold pieces.
You spent 196 gold pieces at shops.


   Skills:
 - Level 3.0 Fighting
 - Level 1.0 Short Blades
 * Level 7.5 Ranged Weapons
 + Level 5.2 Throwing
 - Level 2.0 Armour
 + Level 5.6 Stealth
 + Level 5.4 Shields
 + Level 4.3 Spellcasting
 + Level 4.5 Conjurations
 + Level 0.2 Fire Magic
 * Level 6.7 Ice Magic
 * Level 6.7 Air Magic
 * Level 6.7 Poison Magic
 + Level 3.8 Evocations


You had 3 spell levels left.
You knew the following spells:

 Your Spells              Type           Power      Damage    Failure   Level
i - Swiftness             Air            25%        N/A       2%          3
m - Mephitic Cloud        Conj/Pois/Air  22%        N/A       1%          3
o - Olgreb's Toxic Radia  Pois           24%        N/A       2%          4
s - Sticky Flame          Conj/Fire      11%        2d3       12%         4
z - Poisonous Vapours     Pois/Air       48%        N/A       1%          2

Your spell library contained the following spells:

 Spells                   Type           Power      Damage    Failure   Level
 Frozen Ramparts          Ice            48%        1d8       1%          3
 Magic Dart               Conj           72%        1d6       1%          1
 Shock                    Conj/Air       84%        1d8       1%          1
 Searing Ray              Conj           36%        2d5       1%          2
 Sting                    Tmut/Pois      56%        1d5       2%          1
 Ensorcelled Hibernation  Hex/Ice        28%        N/A       4%          2
 Inner Flame              Hex/Fire       3%         N/A       9%          3
 Spider Form              Tmut/Pois      14%        N/A       9%          3
 Call Imp                 Summ           3%         N/A       16%         2
 Passwall                 Tmut/Erth      2%         N/A       16%         2
 Sublimation of Blood     Necr           3%         N/A       16%         2
 Airstrike                Air            12%        2d(2-18)  2%          4
 Flame Wave               Conj/Fire      11%        2d6       12%         4
 Fulminant Prism          Conj/Hex       5%         3d7       12%         4
 Irradiate                Conj/Tmut      5%         3d13      28%         5
 Anguish                  Hex/Necr       1%         N/A       69%         4
 Manifold Assault         Tloc           3%         N/A       69%         4
 Petrify                  Tmut/Erth      3%         N/A       69%         4
 Ozocubu's Refrigeration  Ice            12%        4d10      75%         7
 Dispersal                Tloc           1%         N/A       100%        6
 Disjunction              Tloc           1%         N/A       100%        8

Inventory:

Hand Weapons
 a - the +4 sling "Leufrima" (weapon) {heavy, Will+}
   (You found it on level 5 of the Dungeon)

   Will:      It increases your willpower.
 k - a +0 sling
 x - a +3 scimitar of flaming
 R - a +4 spear of venom
Missiles
 b - 4 atropa-tipped darts
 c - 61 poisoned darts
 H - 4 datura-tipped darts
 T - 10 curare-tipped darts (quivered) {=f}
Armour
 d - a +3 buckler (worn)
 i - a +0 helmet (worn)
 q - a scarf of shadows
 u - a +2 pair of boots (worn)
 E - a +2 leather armour of poison resistance (worn)
 G - a +0 pair of gloves (worn)
 J - a +1 leather armour of cold resistance
 N - a +1 leather armour of fire resistance
 O - +0 acid dragon scales
 P - +0 steam dragon scales
 S - a +2 robe of positive energy
 W - a +0 cloak (worn)
 X - +2 ice dragon scales
Jewellery
 g - an amulet of regeneration (around neck)
 F - a ring of protection from fire (right hand)
 M - a ring of willpower
 Z - a ring of wizardry (left hand)
Wands
 t - a wand of digging (17)
 w - a wand of polymorph (9)
 U - a wand of paralysis (5)
 V - a wand of flame (7)
Scrolls
 h - a scroll of enchant armour
 l - a scroll of identify {@r1}
 m - a scroll of magic mapping
 n - a scroll of blinking
 s - 7 scrolls of vulnerability {!r}
 v - a scroll of amnesia
 y - 2 scrolls of fear
 A - a scroll of poison {!r}
 C - 7 scrolls of teleportation {@r4}
 I - a scroll of immolation {!r}
Potions
 e - a potion of attraction {unknown}
 f - a potion of lignification {unknown}
 j - 4 potions of invisibility
 p - 5 potions of might {unknown}
 r - a potion of haste {@q3}
 z - 3 potions of resistance
 B - 2 potions of flight
 D - a potion of magic
 K - a potion of mutation {!q}
 L - a potion of berserk rage {!q}
 Q - a potion of ambrosia
Miscellaneous
 Y - a piece from Xom's chessboard (15/15)

Dungeon Overview and Level Annotations

Branches:
Dungeon (10/15)            Temple (1/1) D:5            Lair (0/5) D:10
 Bailey (visited)
    Orc: D:9-12

Altars:
Ashenzari
Cheibriados
Dithmenos
Elyvilon
Fedhas
Gozag
Hepliaklqana
Kikubaaqudgha
Makhleb
Nemelex Xobeh
Okawaru
Qazlal
Ru
Sif Muna
Trog
Uskayaw
Vehumet
Wu Jian
Xom
Yredelemnul
Zin
The Shining One

Shops:
D:5 ?

Annotations:
D:4 2 transporters, Jeffwins's ghost, novice HuWn

#.# *,* *** ######.### *####+##
**~~ .........# *......# *~~~
.#.######### *.....(# **~~~
.#.........# *......# ***~~~~
(#######.#.# *......# *,*,~~~
.....#...#.### *.....<#**,*,~~~
####.#.###...#####......#,,,**,,,
.....#.,,###....@{......+,****,,,
######**** #######......#,,,***,,
*#######**,* **, *,* *, *,****,
*,,,,*, ****,,, ****


There were no monsters in sight!


Message History

Aiming: Sticky Flame (dangerous; 12% risk of failure)
Press: ? - help, Shift-Dir - straight line, f - shadow
Aim: a shadow (heavily damaged, unstickable)
The sticky flame hits the shadow.
The shadow is heavily damaged.
The shadow hits you.
* * * LOW HITPOINT WARNING * * *
You are too injured to fight recklessly!
Unknown command.
Unknown command.
You shoot a sling bullet. The sling bullet hits the shadow.
The shadow is severely damaged.
The shadow slips into darkness.
The shadow flickers and vanishes!
Deactivating autopickup; reactivate with Ctrl-A.
You shoot a sling bullet.
The shadow strikes at you from the darkness!
* * * LOW HITPOINT WARNING * * *
Reactivating autopickup.
The shadow hits you.
* * * LOW HITPOINT WARNING * * *
Unknown command.
You shoot a sling bullet. The sling bullet hits the shadow.
The shadow is almost destroyed.
The shadow slips into darkness.
The shadow flickers and vanishes!
Deactivating autopickup; reactivate with Ctrl-A.
You shoot a sling bullet.
The shadow strikes at you from the darkness!
You die...

Skill      XL: |  1  2  3  4  5  6  7  8  9 10 11 |
---------------+----------------------------------+-----
Short Blades   | 1 |  1.0
Ranged Weapons | 1 2 3 4 5 6 7 |  7.5
Stealth        | 2 3 4 5 |  5.6
Throwing       | 2 3 4 5 |  5.2
Ice Magic      | 1 2 3 4 5 6 |  6.7
Poison Magic   | 1 2 3 4 5 6 |  6.7
Shields        | 3 4 5 |  5.4
Air Magic      | 1 2 3 4 5 6 |  6.7
Conjurations   | 1 2 3 4 |  4.5
Spellcasting   | 2 3 4 |  4.3
Evocations     | 1 3 |  3.8
Fighting       | |  3.0
Armour         | |  2.0
Fire Magic     | |  0.2

Action                     |  1- 3 |  4- 6 |  7- 9 | 10-12 || total
---------------------------+-------+-------+-------+-------++-------
  Melee: Dagger            |    63 |       |       |       ||    63
         Sling             |       |     1 |       |       ||     1
   Fire: Sling             |    56 |   246 |   456 |   367 ||  1125
  Throw: Dart              |       |     7 |     1 |     2 ||    10
   Cast: Poisonous Vapours |       |       |     4 |    39 ||    43
         Olgreb's Toxic Ra |       |       |       |    26 ||    26
         Mephitic Cloud    |       |       |       |     3 ||     3
         Swiftness         |       |       |       |     1 ||     1
         Sticky Flame      |       |       |       |     7 ||     7
  Evoke: Wand              |       |       |       |     6 ||     6
    Use: Potion            |       |     1 |       |     4 ||     5
         Scroll            |       |     4 |     8 |     8 ||    20
 Armour: Leather armour    |    18 |    80 |   182 |    77 ||   357
         Steam dragon scal |       |       |       |    28 ||    28
  Dodge: Dodged            |    46 |    69 |   155 |   115 ||   385
  Block: Buckler           |    33 |    59 |   168 |   128 ||   388

Levels and vault maps discovered:
D:1:      dpeg_arrival_water_temple_mockup, layout_basic,
          hellmonk_ecumenical_altar_arch_garden
D:2:      layout_rooms, serial_aquarium, aquarium_bridge_square
          [aquarium_subvault_bridge, aquarium_subvault_balcony,
          aquarium_subvault_window, aquarium_subvault_bridge],
          aquarium_window_corridor_1, aquarium_window_2, aquarium_view_2g,
          aquarium_view_2a, basic_altar, dk_noncrumbling_2, serial_bayou_pond_d,
          minmay_box_of_dots, uniq_jessica
D:3:      layout_basic, minmay_misc_feat_nine_boxes
D:4:      layout_rooms, tgw_xom, serial_forest, infiniplex_forest_lined_ring,
          infiniplex_forest_clump_long, infiniplex_forest_straight_2,
          infiniplex_forest_clump_tiny, infiniplex_forest_end_2,
          infiniplex_forest_end_1, infiniplex_forest_straight_5,
          gammafunk_ghost_arena, minmay_stone_trees_small, uniq_robin
D:5:      layout_cave_pools, temple_green, serial_shops,
          nicolae_shop_temple_entry_statues_fountains, serial_column_ruins,
          column_ruins_hut_pillars, column_ruins_corridor_straight,
          column_ruins_columns_straight, column_ruins_open_tiny,
          column_ruins_corridor_plus
D:6:      layout_basic
D:7:      layout_basic
D:8:      layout_layer_cave, mainiacjoe_overflow_catwalk, uniq_pikel,
          uniq_maggie, uniq_erica
D:9:      layout_loops_cross, uniq_maurice
D:10:     layout_roguey, dpeg_oklobed_lair, lightli_bailey_entry_fortress,
          nicolae_underground_beach, uniq_josephine
Temple:   mainiacjoe_temple_cubbyholes

Notes
Turn   | Place    | Note
-------+----------+-------------------------------------------
     0 | D:1      | Jeffwins the Human Wanderer began the quest for the Orb.
     0 | D:1      | Jeffwins set off with the following items: a +0 dagger, a
                  | scroll of teleportation {@r4}, 9 poisoned darts, a +2
                  | buckler, a scroll of summoning, a +0 leather armour.
     0 | D:1      | Reached XP level 1. HP: 18/18 MP: 2/2
    36 | D:1      | Found a faded altar of an unknown god.
    79 | D:1      | Reached XP level 2. HP: 24/24 MP: 3/3
   183 | D:1      | Reached skill level 1 in Short Blades
   643 | D:2      | Found a glowing golden altar of the Shining One.
   722 | D:2      | Reached XP level 3. HP: 29/29 MP: 4/4
   763 | D:2      | Reached skill level 1 in Ranged Weapons
   885 | D:2      | Noticed Jessica
   888 | D:2      | Killed Jessica
   889 | D:2      | Reached XP level 4. HP: 35/35 MP: 5/5
   906 | D:2      | Reached skill level 2 in Stealth
  1311 | D:2      | Reached skill level 2 in Ranged Weapons
  1311 | D:2      | Reached skill level 2 in Throwing
  1311 | D:2      | Reached XP level 5. HP: 21/27 MP: 6/6
  1842 | D:3      | Learned a level 2 spell: Poisonous Vapours
  1846 | D:3      | Learned a level 3 spell: Mephitic Cloud
  1917 | D:3      | Got the Tractate on Frostbitten Blight
  2004 | D:3      | Reached XP level 6. HP: 15/40 MP: 7/7
  2062 | D:3      | Reached skill level 1 in Ice Magic
  2546 | D:4      | Reached skill level 1 in Poison Magic
  2559 | D:4      | Reached skill level 3 in Shields
  2568 | D:4      | Noticed a black bear
  2583 | D:4      | Killed a black bear
  2584 | D:4      | Reached skill level 1 in Air Magic
  2687 | D:4      | Noticed Robin
  2714 | D:4      | Found a transporter.
  2721 | D:4      | Noticed Jeffwins's ghost (novice HuWn)
  2730 | D:4      | Found a transporter.
  2811 | D:4      | Reached XP level 7. HP: 52/52 MP: 9/9
  2827 | D:4      | Found a shimmering altar of Xom.
  2856 | D:4      | Noticed a water moccasin
  2863 | D:4      | Killed a water moccasin
  2864 | D:4      | Reached skill level 3 in Ranged Weapons
  2864 | D:4      | Reached skill level 1 in Conjurations
  3277 | D:4      | Killed Robin
  3389 | D:5      | Entered Level 5 of the Dungeon
  3403 | D:4      | Reached skill level 2 in Poison Magic
  3415 | D:4      | Reached skill level 3 in Stealth
  3415 | D:4      | Reached skill level 2 in Ice Magic
  3415 | D:4      | Reached skill level 2 in Air Magic
  3622 | D:5      | Reached XP level 8. HP: 58/58 MP: 10/10
  3764 | D:5      | Identified the +4 sling "Leufrima" {heavy, Will+}
  3857 | D:5      | Found Eranoj's Magic Scroll Shoppe.
  3894 | D:5      | Bought a scroll of identify for 28 gold pieces
  3894 | D:5      | Bought a scroll of identify for 28 gold pieces
  3894 | D:5      | Bought a scroll of identify for 28 gold pieces
  3894 | D:5      | Bought a scroll of noise for 14 gold pieces
  3894 | D:5      | Bought a scroll of identify for 28 gold pieces
  3894 | D:5      | Bought a scroll of identify for 28 gold pieces
  3894 | D:5      | Bought a scroll of teleportation for 42 gold pieces
  3902 | D:5      | Found a staircase to the Ecumenical Temple.
  3982 | Temple   | Entered the Ecumenical Temple
  4311 | Temple   | Became a worshipper of Vehumet
  4407 | D:5      | Reached skill level 3 in Throwing
  4407 | D:5      | Reached skill level 2 in Spellcasting
  4553 | D:6      | Reached skill level 4 in Ranged Weapons
  4594 | D:6      | Reached skill level 3 in Poison Magic
  4596 | D:6      | Reached skill level 2 in Conjurations
  4596 | D:6      | Reached skill level 3 in Ice Magic
  4596 | D:6      | Reached skill level 3 in Air Magic
  4689 | D:6      | Reached * piety under Vehumet
  4689 | D:6      | Offered knowledge of Sandblast by Vehumet.
  4816 | D:6      | Reached XP level 9. HP: 58/63 MP: 12/12
  5049 | D:6      | Reached skill level 1 in Evocations
  5457 | D:7      | Reached skill level 4 in Shields
  5457 | D:7      | Reached skill level 4 in Poison Magic
  5577 | D:6      | Reached skill level 5 in Ranged Weapons
  5577 | D:6      | Reached skill level 4 in Air Magic
  5584 | D:6      | Reached skill level 4 in Stealth
  5584 | D:6      | Reached skill level 4 in Ice Magic
  5589 | D:6      | HP: 4/63 [yak (10)]
  5717 | D:7      | Learned a level 3 spell: Swiftness
  5722 | D:7      | Learned a level 4 spell: Olgreb's Toxic Radiance
  5858 | D:7      | Reached XP level 10. HP: 60/70 MP: 7/14
  6050 | D:7      | Reached skill level 3 in Spellcasting
  6050 | D:7      | Reached skill level 2 in Evocations
  6230 | D:7      | Reached skill level 3 in Conjurations
  6340 | D:8      | Noticed Maggie
  6341 | D:8      | Maggie changed into Maggie the scorpion
  6341 | D:8      | Noticed Maggie
  6353 | D:8      | Killed Maggie the scorpion
  6353 | D:8      | Offered knowledge of Freeze by Vehumet.
  6357 | D:8      | Reached ** piety under Vehumet
  6379 | D:8      | Reached skill level 4 in Throwing
  6596 | D:8      | Identified a potion of resistance
  6845 | D:8      | HP: 2/70 [yak (14)]
  6861 | D:8      | HP: 6/70 [something (11)]
  6864 | D:8      | Reached skill level 5 in Poison Magic
  6870 | D:8      | Reached skill level 5 in Ice Magic
  6870 | D:8      | Reached skill level 5 in Air Magic
  6953 | D:8      | Found a burning altar of Makhleb.
  6976 | D:8      | Noticed Erica
  6986 | D:8      | HP: 6/70 [something/bolt of poison (25)]
  7017 | D:8      | Reached skill level 6 in Ranged Weapons
  7019 | D:8      | Offered knowledge of Hailstorm by Vehumet.
  7223 | D:8      | Erica changed into Erica the shapeshifter
  7223 | D:8      | Noticed Erica
  7224 | D:8      | Erica the shapeshifter changed into Erica the black mamba
  7224 | D:8      | Noticed Erica (shapeshifter)
  7227 | D:8      | Erica the black mamba changed into Erica the shapeshifter
  7227 | D:8      | Noticed Erica (shapeshifter)
  7227 | D:8      | Erica the shapeshifter changed into Erica the raiju
  7227 | D:8      | Noticed Erica (shapeshifter)
  7233 | D:8      | Killed Erica the raiju
  7338 | D:8      | Noticed Pikel
  7357 | D:8      | Killed Pikel
  7936 | D:9      | Noticed Maurice
  8017 | D:9      | Killed Maurice
  8018 | D:9      | Reached skill level 5 in Stealth
  8018 | D:9      | Reached skill level 3 in Evocations
  8018 | D:9      | Reached XP level 11. HP: 75/75 MP: 3/16
  8183 | D:9      | Reached *** piety under Vehumet
  8188 | D:9      | Reached skill level 5 in Shields
  8188 | D:9      | Reached skill level 4 in Conjurations
  8436 | D:9      | Reached skill level 6 in Poison Magic
  8635 | D:9      | Reached skill level 6 in Air Magic
  8802 | D:9      | Reached skill level 6 in Ice Magic
  8999 | D:10     | Entered Level 10 of the Dungeon
  9051 | D:10     | Found a staircase to the Lair.
  9079 | D:10     | Found a flagged portal.
  9103 | Bailey   | Entered a bailey
  9112 | Bailey   | Offered knowledge of Iskenderun's Mystic Blast by Vehumet.
  9129 | Bailey   | Reached skill level 4 in Spellcasting
  9141 | Bailey   | Reached skill level 7 in Ranged Weapons
  9265 | Bailey   | Reached skill level 5 in Throwing
  9338 | Bailey   | Found an iron altar of Okawaru.
  9439 | D:10     | Reached **** piety under Vehumet
  9577 | D:10     | Offered knowledge of Frozen Ramparts by Vehumet.
  9587 | D:10     | Noticed Josephine
  9615 | D:10     | Killed Josephine
  9731 | D:10     | Learned a level 4 spell: Sticky Flame
  9739 | D:10     | Reached XP level 12. HP: 71/75 MP: 15/18
 10113 | D:10     | Slain by a shadow

Vanquished Creatures
  Josephine (D:10)
  Pikel (D:8)
  Maurice (D:9)
  A troll (D:10)
  2 hornets
  A raiju (shapeshifter) (D:8)
  A vampire (D:10)
  19 yaks
  A shadow (D:9)
  5 wraiths
  A fire bat (D:8)
  2 steam dragons
  4 vampire mosquitoes (D:10)
  3 black bears
  6 orc warriors (Bailey)
  3 sky beasts
  A centaur (D:9)
  An ogre (D:6)
  2 phantoms (D:6)
  A lemure (D:8)
  10 kobold brigands
  3 bullfrogs
  A gnoll sergeant (D:8)
  A scorpion (D:8)
  13 wights
  A jelly (D:7)
  5 killer bees (D:9)
  3 howler monkeys
  4 hounds
  7 orc priests
  Jessica (D:2)
  7 iguanas
  9 orc wizards
  A sleepcap (D:6)
  Robin (D:4)
  5 gnolls
  9 adders
  A shadow imp (D:8)
  5 white imps
  5 worms
  2 dart slugs
  30 orcs
  7 endoplasms
  6 giant cockroaches
  5 hobgoblins
  3 jackals (D:1)
  5 quokkas
  6 ball pythons
  3 bats
  5 frilled lizards
  19 goblins
  36 kobolds
  3 rats
279 creatures vanquished.

Vanquished Creatures (collateral kills)
  A water moccasin (D:4)
1 creature vanquished.

Vanquished Creatures (others)
  5 plants
5 creatures vanquished.

Grand Total: 285 creatures vanquished

Table legend: (Time is in decaauts)
 A = Elapsed time spent in this place.
 B = Non-inter-level travel time spent in this place.
 C = Inter-level travel time spent in this place.
 D = Time resting spent in this place.
 E = Time spent auto-exploring this place.
 F = Levels seen in this place.
 G = Mean time per level.
                   A        B        C        D        E       F      G
               +--------+--------+--------+--------+--------+-----+--------+
         Total |  10798 |  10278 |    520 |    511 |   6733 |  12 |  899.8 |
       Dungeon |  10110 |   9652 |    458 |    478 |   6294 |  10 | 1011.0 |
        Temple |    353 |    291 |     62 |      0 |    287 |   1 |  353.0 |
        Bailey |    334 |    334 |      0 |     33 |    152 |   1 |  334.0 |
               +--------+--------+--------+--------+--------+-----+--------+

Top non-repeatable levels by time:
     D:8: 1606 daAuts
     D:3: 1332 daAuts
     D:9: 1217 daAuts
     D:6: 1135 daAuts
     D:4: 921 daAuts
    D:10: 890 daAuts
     D:7: 843 daAuts
     D:5: 820 daAuts
     D:2: 701 daAuts
     D:1: 641 daAuts
  Temple: 353 daAuts
  Bailey: 334 daAuts

Table legend:
 A = Non-vault XP
 B = Vault XP
 C = Vault XP percentage of total XP
 D = Non-vault monster count
 E = Vault monster count
 F = Vault count percentage of total count
                 A         B        C        D         E       F
            +---------+---------+-------+---------+---------+-------
      Total |   11684 |    4808 |  29.2 |     220 |      59 |  21.1
            +---------+---------+-------+---------+---------+-------
        D:1 |      26 |       0 |   0.0 |      18 |       0 |   0.0
        D:2 |      82 |      42 |  33.9 |      13 |       4 |  23.5
        D:3 |     204 |       2 |   1.0 |      28 |       1 |   3.4
        D:4 |     469 |      32 |   6.4 |      18 |      10 |  35.7
        D:5 |     458 |      90 |  16.4 |      23 |       1 |   4.2
        D:6 |    1930 |       0 |   0.0 |      27 |       0 |   0.0
        D:7 |     775 |       0 |   0.0 |      19 |       0 |   0.0
        D:8 |    2028 |    1022 |  33.5 |      33 |       3 |   8.3
        D:9 |    3535 |     472 |  11.8 |      24 |       1 |   4.0
       D:10 |    2177 |    1751 |  44.6 |      17 |      17 |  50.0
     Bailey |       0 |    1397 | 100.0 |       0 |      22 | 100.0
            +---------+---------+-------+---------+---------+-------
